 Dungeon Crawl Stone Soup version 0.29-a0-92-gee772dd00f (webtiles) character file.

Game seed: 17125480129399042771

115 Cecur the Ruffian (level 4, -9/44 HPs)
             Began as a Troll Fighter on Feb 10, 2022.
             Was a Follower of Wu Jian.
             Killed from afar by Sigmund (11 damage)
             ... with a puff of flame
             ... on level 4 of the Dungeon.
             The game lasted 00:04:02 (2308 turns).

Cecur the Ruffian (Troll Fighter)                   Turns: 2308, Time: 00:04:02

Health: -9/44      AC:  4    Str: 26    XL:     4   Next: 68%
Magic:  3/3        EV:  8    Int:  4    God:    Wu Jian [*.....]
Gold:   80         SH:  7    Dex:  9    Spells: 3/3 levels left

rFire   . . .      SeeInvis .     - Unarmed
rCold   . . .      Faith    .   b - +0 kite shield
rNeg    . . .      Spirit   .   a - +0 robe
rPois   .          Reflect  .   (helmet restricted)
rElec   .          Harm     .   (no cloak)
rCorr   .          Rampage  .   (gloves unavailable)
Will    .....                   (boots unavailable)
Stlth   +.........              (no amulet)
HPRegen 0.94/turn               (no ring)
MPRegen 0.08/turn               (no ring)

@: no status effects
A: large, unfitting armour, claws 3, regeneration 1, shaggy fur 1, tough skin 1
a: Renounce Religion


You were on level 4 of the Dungeon.
You worshipped Wu Jian.
Wu Jian was aware of your devotion.
You visited 1 branch of the dungeon, and saw 4 of its levels.

You collected 80 gold pieces.

Inventory:

Armour
 a - a +0 robe (worn)
 b - a +0 kite shield (worn)
Jewellery
 f - an amulet of magic regeneration
 m - an amulet of faith
Scrolls
 g - 5 scrolls of identify {unknown}
 j - a scroll of immolation {unknown}
 n - a scroll of noise {unknown}
 o - a scroll of brand weapon {unknown}
Potions
 c - 2 potions of might
 d - a potion of curing {unknown}
 e - 3 potions of heal wounds {unknown}
 h - a potion of flight {unknown}
 i - a potion of haste {unknown}
 k - a potion of brilliance {unknown}
 l - a potion of magic {unknown}
 p - a potion of resistance {unknown}
 q - a potion of berserk rage {unknown}


   Skills:
 + Level 2.8 Fighting
 + Level 3.0 Dodging
 + Level 0.2 Stealth
 + Level 3.0 Shields
 + Level 3.4 Unarmed Combat


You had 3 spell levels left.
You didn't know any spells.
Your spell library was empty.

Dungeon Overview and Level Annotations

Branches:
Dungeon (4/15)
 Temple: D:4-7

Altars:
Ashenzari
Makhleb
Wu Jian

Shops:
D:1 ?

Annotations:
D:4 3 runed translucent doors, Crazy Yiuf, Sigmund


Innate Abilities, Weirdness & Mutations

You are too large for most types of armour.
You have claws for hands.
Your natural rate of healing is unusually fast.
You are covered in fur. (AC +1)
You have tough skin. (AC +1)


Message History

Things that are here:
a +0 dagger; 5 stones; a kobold corpse
Found a mace.
Found a mace.
Found a mace.
No target in view!
No target in view!
You see here a +0 mace.
You see here a +0 mace.
Found a runed mace.
Found a runed translucent door.
No target in view!
No target in view!
No target in view!
You see here a +0 mace.
You see here a +0 mace.
Sigmund the Dreaded comes into view.
He is wielding a +2 vorpal scythe.
Sigmund shouts!
You lunge at Sigmund.
You scratch Sigmund.
Sigmund is lightly wounded.
Sigmund hits you with a +2 vorpal scythe!
You closely miss Sigmund.
Sigmund is lightly wounded.
You claw Sigmund!
Sigmund is moderately wounded.
You block Sigmund's attack.
You scratch Sigmund.
Sigmund is heavily wounded.
Sigmund hits you with a +2 vorpal scythe!
You are too injured to fight recklessly!
You are too injured to fight recklessly!
You barely miss Sigmund.
Sigmund is heavily wounded.
Sigmund hits you with a +2 vorpal scythe!
* * * LOW HITPOINT WARNING * * *
x2 Sigmund casts a spell at you.
The magic dart hits you!
* * * LOW HITPOINT WARNING * * *
Sigmund gestures at you while chanting. The puff of flame hits you!
You die...

♣.)♣.♣ #.# .#+#.#....# #...)#
#.# ...####.# #...)### #.#
.... #.# ##.....# #.# ++## #.#
#.....# #@# ... #.# #.....#
#.# #.# #.....####.# ####.#
##.........# #.....
#########...@## ####..
#.............# ########
#.###..........# ##.......
#......#+#... #....####
##+###......#.#.######'##.....
#...........#.#.##..........##
#.....#####.#.#.##............
#.....#####...#.##.[........##
#............................'


You could see Sigmund.

Vanquished Creatures
  Jessica (D:2)
  2 adders
  2 dart slugs (D:2)
  7 orcs
  3 ball pythons (D:1)
  7 endoplasms
  2 giant cockroaches
  3 goblins
  4 hobgoblins
  5 quokkas
  4 bats
  3 frilled lizards (D:1)
  8 kobolds
  6 rats
57 creatures vanquished.

Notes
Turn   | Place    | Note
-------+----------+-------------------------------------------
     0 | D:1      | Cecur the Troll Fighter began the quest for the Orb.
     0 | D:1      | Reached XP level 1. HP: 22/22 MP: 0/0
   109 | D:1      | Reached XP level 2. HP: 29/29 MP: 1/1
   181 | D:1      | Found Dualiwal's Magic Scroll Shoppe.
   569 | D:1      | Reached XP level 3. HP: 36/36 MP: 2/2
   885 | D:2      | Noticed Jessica
   902 | D:2      | Killed Jessica
   903 | D:2      | Reached XP level 4. HP: 34/44 MP: 3/3
   916 | D:2      | Noticed a golden eye
   917 | D:2      | Found a faded altar of an unknown god.
   926 | D:2      | Noticed a floating eye
   927 | D:2      | Noticed a golden eye
   927 | D:2      | Noticed a golden eye
   934 | D:2      | Prayed at the altar of an unknown god.
   934 | D:2      | Became a worshipper of the Wu Jian Council
   934 | D:2      | Reached * piety under Wu Jian
  1642 | D:3      | Found a burning altar of Makhleb.
  1677 | D:3      | Identified the +1 ring mail "Nudduuku" {Harm Drain rPois
                  | Dex-4}
  1981 | D:4      | Found a broken altar of Ashenzari.
  2157 | D:4      | Found a runed translucent gate.
  2166 | D:4      | Found a runed translucent gate.
  2278 | D:4      | Found a runed translucent door.
  2279 | D:4      | Noticed Crazy Yiuf
  2297 | D:4      | Noticed Sigmund
  2307 | D:4      | HP: 1/44 [Sigmund/magic dart (10)]
  2308 | D:4      | Killed from afar by Sigmund

Illustrated notes

Levels and vault maps discovered:
D:1:      dpeg_arrival_arbitrary_a, layout_loops_cross, serial_shops,
          nicolae_shop_hallway_stairs
D:2:      layout_rooms, hellmonk_ecumenical_altar_watching_god, uniq_jessica
D:3:      layout_basic, mainiacjoe_overflow_brackets
D:4:      layout_basic, general_overflow_altar, gammafunk_ghost_cemetery,
          serial_shops, nicolae_shop_advertising_works
          [nicolae_subvault_shop_adworks], uniq_crazy_yiuf_cottage, uniq_sigmund

Skill      XL: |  1  2  3  4 |
---------------+-------------+-----
Unarmed Combat | 3 |  3.4
Dodging        | 3 |  3.0
Shields        | 3 |  3.0
Fighting       | |  2.8
Stealth        | |  0.2

Action                   |  1- 3 |  4- 6 || total
-------------------------+-------+-------++-------
Melee: Unarmed           |    83 |    64 ||   147
Invok: Lunge             |       |    10 ||    10
 Stab: Sleeping          |     1 |     1 ||     2
Armor: Robe              |    21 |    10 ||    31
Dodge: Dodged            |    24 |    10 ||    34
Block: Kite shield       |    24 |    12 ||    36

Table legend: (Time is in decaauts)
 A = Elapsed time spent in this place.
 B = Non-inter-level travel time spent in this place.
 C = Inter-level travel time spent in this place.
 D = Time resting spent in this place.
 E = Time spent auto-exploring this place.
 F = Levels seen in this place.
 G = Mean time per level.
                   A        B        C        D        E       F      G
               +--------+--------+--------+--------+--------+-----+--------+
         Total |   2319 |   2319 |      0 |      0 |   1757 |   4 |  579.8 |
       Dungeon |   2319 |   2319 |      0 |      0 |   1757 |   4 |  579.8 |
               +--------+--------+--------+--------+--------+-----+--------+

Top non-repeatable levels by time:
     D:1: 822 daAuts
     D:3: 590 daAuts
     D:2: 530 daAuts
     D:4: 377 daAuts
